MAA
HELENA GRIZZLIES @ VIRGINIA BEACH DEUCES
09/20/2019
 
TOP OF THE 1ST
Helena Grizzlies batting - Pitching for Virginia Beach Deuces : RHP Felipe Cavazos
Pitching: RHP Felipe Cavazos
Batting: RHB Dustin O'Quinlevan 0-0: Ball
1-0: Swinging Strike
1-1: Foul Ball, location: 2F
1-2: Ball
2-2: Foul Ball, location: 2F
2-2: Fly out, F9 (Line Drive, 89M)
Batting: RHB Joe Chase 0-0: Ball
1-0: Ball
2-0: Ball
3-0: Base on Balls
Batting: LHB Juan Hernández 0-0: Ball
1-0: Fly out, F6 (Popup, 6D)
Batting: RHB Pancho Salaedo 0-0: Ball
1-0: Fly out, F6 (Popup, 6D)
Top of the 1st over - 0 run(s), 0 hit(s), 0 error(s), 1 left on base; Helena 0 - Virginia Beach 0
BOTTOM OF THE 1ST
Virginia Beach Deuces batting - Pitching for Helena Grizzlies : RHP José Trujillo
Pitching: RHP José Trujillo
Batting: RHB Scott Miller 0-0: Ball
1-0: Called Strike
1-1: Ball
2-1: Foul Ball, location: 2F
2-2: Foul Ball, location: 2F
2-2: Ground out 4-3 (Groundball, 4M)
Batting: RHB Travis Brumback 0-0: Called Strike
0-1: Ball
1-1: Fly out, F8 (Flyball, 8LS)
Batting: RHB Javier Santos 0-0: Ball
1-0: Ground out 4-3 (Groundball, 13)
Bottom of the 1st over - 0 run(s), 0 hit(s), 0 error(s), 0 left on base; Helena 0 - Virginia Beach 0
TOP OF THE 2ND
Helena Grizzlies batting - Pitching for Virginia Beach Deuces : RHP Felipe Cavazos
Batting: LHB José Alonso 0-0: Ground out 1-3 (Groundball, 13S)
Batting: RHB Wilbur James 0-0: Ball
1-0: Called Strike
1-1: Ball
2-1: Swinging Strike
2-2: Strikes out swinging
Batting: RHB David Ramírez 0-0: Called Strike
0-1: Foul Ball, location: 2F
0-2: SINGLE (Groundball, 56D)
Batting: RHB Jeremy Murphy 0-0: Swinging Strike
0-1: Ground out 5-3 (Groundball, 5L)
Top of the 2nd over - 0 run(s), 1 hit(s), 0 error(s), 1 left on base; Helena 0 - Virginia Beach 0
BOTTOM OF THE 2ND
Virginia Beach Deuces batting - Pitching for Helena Grizzlies : RHP José Trujillo
Batting: RHB Lorenzo Ramírez 0-0: Ball
1-0: Ground out 4-3 (Groundball, 34)
Batting: LHB Carl Gore 0-0: Ball
1-0: Called Strike
1-1: Swinging Strike
1-2: Foul Ball, location: 2F
1-2: Ground out 4-3 (Groundball, 4)
Batting: RHB Álex Escobar 0-0: SINGLE (Flyball, 89S)
Batting: RHB Carl Carlson 0-0: Ball
1-0: Ball
2-0: Ball
3-0: Swinging Strike
3-1: Called Strike
3-2: Ground out 5-3 (Groundball, 5)
Bottom of the 2nd over - 0 run(s), 1 hit(s), 0 error(s), 1 left on base; Helena 0 - Virginia Beach 0
TOP OF THE 3RD
Helena Grizzlies batting - Pitching for Virginia Beach Deuces : RHP Felipe Cavazos
Batting: RHB Jack Glenn 0-0: Swinging Strike
0-1: Swinging Strike
0-2: Ball
1-2: Foul Ball, location: 2F
1-2: Ball
2-2: Ball
3-2: Strikes out looking
Batting: RHB Dustin O'Quinlevan 0-0: Ball
1-0: Called Strike
1-1: Foul Ball, location: 2F
1-2: Strikes out swinging
Batting: RHB Joe Chase 0-0: Ball
1-0: Foul Ball, location: 2F
1-1: Swinging Strike
1-2: Ball
2-2: Ball
3-2: Foul Ball, location: 2F
3-2: Strikes out swinging
Top of the 3rd over - 0 run(s), 0 hit(s), 0 error(s), 0 left on base; Helena 0 - Virginia Beach 0
BOTTOM OF THE 3RD
Virginia Beach Deuces batting - Pitching for Helena Grizzlies : RHP José Trujillo
Batting: RHB Marcox Fiadeiro 0-0: Ball
1-0: Foul Ball, location: 2F
1-1: Ball
2-1: Swinging Strike
2-2: Ground out 4-3 (Groundball, 4)
Batting: RHB Derrek Church 0-0: Called Strike
0-1: Foul Ball, location: 2F
0-2: Foul Ball, location: 2F
0-2: Ball
1-2: Ball
2-2: Ball
3-2: Strikes out looking
Batting: RHB Scott Miller 0-0: Ball
1-0: Foul Ball, location: 2F
1-1: Foul Ball, location: 2F
1-2: Fly out, F2 (Popup, 2RF)
Bottom of the 3rd over - 0 run(s), 0 hit(s), 0 error(s), 0 left on base; Helena 0 - Virginia Beach 0
TOP OF THE 4TH
Helena Grizzlies batting - Pitching for Virginia Beach Deuces : RHP Felipe Cavazos
Batting: LHB Juan Hernández 0-0: Ball
1-0: Foul Ball, location: 2F
1-1: Ground out 4-3 (Groundball, 4)
Batting: RHB Pancho Salaedo 0-0: Foul Ball, location: 2F
0-1: Ball
1-1: Ball
2-1: SINGLE (Flyball, 9LS)
Batting: LHB José Alonso 0-0: Fielders Choice at 2nd, 3-6 (Groundball, 3)
Batting: RHB Wilbur James 0-0: Ball
1-0: Called Strike
1-1: Foul Ball, location: 2F
1-2: DOUBLE (Groundball, 5L)
José Alonso to third
Batting: RHB David Ramírez 0-0: Called Strike
0-1: Ball
1-1: Fly out, F6 (Line Drive, 6)
Top of the 4th over - 0 run(s), 2 hit(s), 0 error(s), 2 left on base; Helena 0 - Virginia Beach 0
BOTTOM OF THE 4TH
Virginia Beach Deuces batting - Pitching for Helena Grizzlies : RHP José Trujillo
Batting: RHB Travis Brumback 0-0: Called Strike
0-1: Swinging Strike
0-2: Ball
1-2: Ground out U3 (Groundball, 3L)
Batting: RHB Javier Santos 0-0: Ball
1-0: Ball
2-0: Called Strike
2-1: Ball
3-1: Swinging Strike
3-2: Foul Ball, location: 2F
3-2: Base on Balls
Batting: RHB Lorenzo Ramírez 0-0: Ball
1-0: Ball
Javier Santos is caught stealing 2nd base
2-0: Called Strike
2-1: Fly out, F3 (Popup, 34)
Bottom of the 4th over - 0 run(s), 0 hit(s), 0 error(s), 0 left on base; Helena 0 - Virginia Beach 0
TOP OF THE 5TH
Helena Grizzlies batting - Pitching for Virginia Beach Deuces : RHP Felipe Cavazos
Batting: RHB Jeremy Murphy 0-0: Called Strike
0-1: Foul Ball, location: 2F
0-2: Ball
1-2: Foul Ball, location: 2F
1-2: Foul Ball, location: 2F
1-2: Foul Ball, location: 2F
1-2: Ball
2-2: Strikes out swinging
Batting: RHB Jack Glenn 0-0: Ball
1-0: Ball
2-0: Called Strike
2-1: Ball
3-1: Fly out, F9 (Flyball, 9M)
Batting: RHB Dustin O'Quinlevan 0-0: Ground out 4-3 (Groundball, 4)
Top of the 5th over - 0 run(s), 0 hit(s), 0 error(s), 0 left on base; Helena 0 - Virginia Beach 0
BOTTOM OF THE 5TH
Virginia Beach Deuces batting - Pitching for Helena Grizzlies : RHP José Trujillo
Batting: LHB Carl Gore 0-0: Ball
1-0: Ball
2-0: SINGLE (Groundball, 4M)
Batting: RHB Álex Escobar 0-0: Foul Ball, location: 2F
0-1: Ball
1-1: Sac Bunt - play at second, runner OUT! 1-6
Batting: RHB Carl Carlson 0-0: Ball
1-0: Ball
2-0: Ball
3-0: Called Strike
3-1: Foul Ball, location: 2F
3-2: Base on Balls
Álex Escobar to second
Batting: RHB Marcox Fiadeiro 0-0: Swinging Strike
0-1: Called Strike
0-2: Ball
1-2: Strikes out looking
Batting: RHB Derrek Church 0-0: Called Strike
0-1: Ball
1-1: Ball
2-1: Foul Ball, location: 2F
2-2: Foul Ball, location: 2F
2-2: Ground out 4-3 (Groundball, 4)
Bottom of the 5th over - 0 run(s), 1 hit(s), 0 error(s), 2 left on base; Helena 0 - Virginia Beach 0
TOP OF THE 6TH
Helena Grizzlies batting - Pitching for Virginia Beach Deuces : RHP Felipe Cavazos
Batting: RHB Joe Chase 0-0: Called Strike
0-1: Fly out, F7 (Flyball, 78XD)
Batting: LHB Juan Hernández 0-0: Called Strike
0-1: Foul Ball, location: 2F
0-2: Ball
1-2: Strikes out swinging
Batting: RHB Pancho Salaedo 0-0: Called Strike
0-1: Swinging Strike
0-2: Ball
1-2: Ball
2-2: Ball
3-2: Foul Ball, location: 2F
3-2: Base on Balls
Batting: LHB José Alonso 0-0: Ball
1-0: Called Strike
1-1: Foul Ball, location: 2F
1-2: Foul Ball, location: 2F
1-2: Fielders Choice at 2nd, U4 (Groundball, 4M)
Top of the 6th over - 0 run(s), 0 hit(s), 0 error(s), 1 left on base; Helena 0 - Virginia Beach 0
BOTTOM OF THE 6TH
Virginia Beach Deuces batting - Pitching for Helena Grizzlies : RHP José Trujillo
Batting: RHB Scott Miller 0-0: Called Strike
0-1: Ball
1-1: Ball
2-1: Foul Ball, location: 2F
2-2: Ball
3-2: Foul Ball, location: 2F
3-2: Base on Balls
Batting: RHB Travis Brumback 0-0: Bunted foul
0-1: Ball
1-1: Ball
2-1: Sac Bunt - play at second, runner OUT! 1-6
Batting: RHB Javier Santos 0-0: Called Strike
0-1: Foul Ball, location: 2F
0-2: Ball
1-2: Fly out, F4 (Popup, 4)
Batting: RHB Lorenzo Ramírez 0-0: Ground out 4-3 (Groundball, 4)
Bottom of the 6th over - 0 run(s), 0 hit(s), 0 error(s), 1 left on base; Helena 0 - Virginia Beach 0
TOP OF THE 7TH
Helena Grizzlies batting - Pitching for Virginia Beach Deuces : RHP Felipe Cavazos
Pinch Hitting: LHB Ismael Dolit 0-0: Foul Ball, location: 2F
0-1: Foul Ball, location: 2F
0-2: Strikes out swinging
Pinch Hitting: LHB Juan González 0-0: Called Strike
0-1: Ball
1-1: Called Strike
1-2: Strikes out swinging
Pinch Hitting: RHB Hank Kenney 0-0: Called Strike
0-1: Called Strike
0-2: Fly out, F9 (Flyball, 9M)
Top of the 7th over - 0 run(s), 0 hit(s), 0 error(s), 0 left on base; Helena 0 - Virginia Beach 0
BOTTOM OF THE 7TH
Virginia Beach Deuces batting - Pitching for Helena Grizzlies : RHP José Trujillo
Now at 3B: Mike O'Brien
Now in LF: Hank Kenney
Now in CF: Enrico Díaz
Batting: LHB Carl Gore 0-0: Ball
1-0: Ball
2-0: Called Strike
2-1: Ball
3-1: Foul Ball, location: 2F
3-2: Strikes out looking
Pinch Hitting: SHB Daryl Lloyd 0-0: Ball
1-0: Ball
2-0: Ground out U3 (Groundball, 3)
Batting: RHB Carl Carlson 0-0: Ball
1-0: Called Strike
1-1: Foul Ball, location: 2F
1-2: Fly out, F8 (Line Drive, 8LM)
Bottom of the 7th over - 0 run(s), 0 hit(s), 0 error(s), 0 left on base; Helena 0 - Virginia Beach 0
TOP OF THE 8TH
Helena Grizzlies batting - Pitching for Virginia Beach Deuces : RHP Felipe Cavazos
Now in RF: Daryl Lloyd
Pinch Hitting: LHB Rufo Flores 0-0: Ball
1-0: Foul Ball, location: 2F
1-1: Foul Ball, location: 2F
1-2: Strikes out swinging
Batting: RHB Dustin O'Quinlevan 0-0: Foul Ball, location: 2F
0-1: Ball
1-1: Ball
2-1: Ball
3-1: Foul Ball, location: 2F
3-2: Strikes out looking
Batting: RHB Joe Chase 0-0: Called Strike
0-1: Foul Ball, location: 2F
0-2: Ball
1-2: Ball
2-2: Strikes out swinging
Top of the 8th over - 0 run(s), 0 hit(s), 0 error(s), 0 left on base; Helena 0 - Virginia Beach 0
BOTTOM OF THE 8TH
Virginia Beach Deuces batting - Pitching for Helena Grizzlies : RHP José Trujillo
Pitching: RHP Luis Fernández
Now in RF: Rufo Flores
Pinch Hitting: LHB Álex Burgos 0-0: DOUBLE (Line Drive, 3D)
Pinch Hitting: RHB Gerardo Bramante 0-0: Called Strike
0-1: Ball
1-1: Foul Ball, location: 2F
1-2: Foul Ball, location: 2F
1-2: Fly out, F3 (Popup, 3)
Batting: RHB Scott Miller 0-0: Intentional Walk
Batting: RHB Travis Brumback 0-0: Fly out, F9 (Flyball, 9D)
Runner from 2nd tags up, SAFE at 3rd, no throw
Batting: RHB Javier Santos 0-0: Swinging Strike
0-1: Ball
1-1: Swinging Strike
1-2: Strikes out swinging
Bottom of the 8th over - 0 run(s), 1 hit(s), 0 error(s), 2 left on base; Helena 0 - Virginia Beach 0
TOP OF THE 9TH
Helena Grizzlies batting - Pitching for Virginia Beach Deuces : RHP Felipe Cavazos
Pitching: LHP Roberto Aguirre
Now at 2B: Pedro Villa
Now in RF: Enrique González
Pinch Hitting: SHB Bruce Hunt 0-0: Ball
1-0: Called Strike
1-1: Ball
2-1: Ball
3-1: Ground out 5-3 (Groundball, 15S)
Batting: RHB Pancho Salaedo 0-0: Ball
1-0: Ground out 5-3 (Groundball, 5)
Batting: LHB José Alonso 0-0: Foul Ball, location: 2F
0-1: Called Strike
0-2: Foul Ball, location: 2F
0-2: Ball
1-2: Strikes out swinging
Top of the 9th over - 0 run(s), 0 hit(s), 0 error(s), 0 left on base; Helena 0 - Virginia Beach 0
BOTTOM OF THE 9TH
Virginia Beach Deuces batting - Pitching for Helena Grizzlies : RHP Luis Fernández
Pitching: LHP Eugene Baker
Now at 1B: Wilson Horton
Batting: RHB Lorenzo Ramírez 0-0: Ball
1-0: Called Strike
1-1: Foul Ball, location: 2F
1-2: Foul Ball, location: 2F
1-2: DOUBLE (Groundball, 5L)
Pinch Hitting: RHB Jim Unknown 0-0: Intentional Walk
Batting: SHB Daryl Lloyd 0-0: Ball
1-0: Fielders Choice at 2nd, 6-4 (Groundball, 6M)
Lorenzo Ramírez to third
Now at 2B: Matt Williams
Batting: RHB Carl Carlson 0-0: Called Strike
0-1: Called Strike
0-2: Foul Ball, location: 2F
0-2: Fly out, F7 (Line Drive, 78S)
0-2: Fly out, F7 (Line Drive, 78S)
Batting: RHB Pedro Villa 0-0: Ball
1-0: Ball
2-0: Fly out, F8 (Flyball, 8LD)
Bottom of the 9th over - 0 run(s), 1 hit(s), 0 error(s), 2 left on base; Helena 0 - Virginia Beach 0
TOP OF THE 10TH
Helena Grizzlies batting - Pitching for Virginia Beach Deuces : LHP Roberto Aguirre
Now at C: Mike Bell
Batting: RHB Enrico Díaz 0-0: Called Strike
0-1: Swinging Strike
0-2: Ball
1-2: Ball
2-2: Strikes out swinging
Batting: RHB Mike O'Brien 0-0: Ball
1-0: Fly out, F7 (Line Drive, 7M)
Batting: RHB Hank Kenney 0-0: Called Strike
0-1: Ball
1-1: Called Strike
1-2: Ball
2-2: Foul Ball, location: 2F
2-2: Strikes out swinging
Top of the 10th over - 0 run(s), 0 hit(s), 0 error(s), 0 left on base; Helena 0 - Virginia Beach 0
BOTTOM OF THE 10TH
Virginia Beach Deuces batting - Pitching for Helena Grizzlies : LHP Eugene Baker
Pinch Hitting: RHB Orlando Sánchez 0-0: Called Strike
0-1: Foul Ball, location: 2F
0-2: Fly out, F7 (Flyball, 7M)
Batting: RHB Scott Miller 0-0: Ball
1-0: Ball
2-0: Called Strike
2-1: Foul Ball, location: 2F
2-2: Ball
3-2: Foul Ball, location: 2F
3-2: Base on Balls
Batting: RHB Travis Brumback 0-0: Foul Ball, location: 2F
0-1: Grounds into double play, 4-6-3 (Groundball, 4)
Bottom of the 10th over - 0 run(s), 0 hit(s), 0 error(s), 0 left on base; Helena 0 - Virginia Beach 0
TOP OF THE 11TH
Helena Grizzlies batting - Pitching for Virginia Beach Deuces : LHP Roberto Aguirre
Now in RF: Héctor Camacho
Batting: LHB Rufo Flores 0-0: SOLO HOME RUN (Flyball, 8LXD), Distance : 446 ft
Pitching: RHP Andrés Martínez
Batting: RHB Dustin O'Quinlevan 0-0: Called Strike
0-1: Ball
1-1: Ball
2-1: SINGLE (Line Drive, 4D)
Batting: RHB Joe Chase 0-0: Ball
1-0: Foul Ball, location: 2F
1-1: Swinging Strike
1-2: Strikes out swinging
Batting: LHB Wilson Horton 0-0: Called Strike
0-1: Ball
1-1: Called Strike
1-2: Ball
2-2: SINGLE (Groundball, 4MD)
Dustin O'Quinlevan to second
Runner from 2nd tries for 3rd, SAFE, no throw or cutoff
Batting: RHB Matt Williams 0-0: Ball
1-0: Called Strike
1-1: Foul Ball, location: 2F
1-2: Foul Ball, location: 2F
1-2: Ball
2-2: Foul Ball, location: 2F
2-2: Strikes out swinging
Batting: LHB José Alonso 0-0: Swinging Strike
0-1: SINGLE (Line Drive, 56)
Dustin O'Quinlevan scores
Wilson Horton to second
Batting: RHB Enrico Díaz 0-0: Ball
1-0: Foul Ball, location: 2F
1-1: Ball
2-1: Fly out, F4 (Popup, 4)
Top of the 11th over - 2 run(s), 4 hit(s), 0 error(s), 2 left on base; Helena 2 - Virginia Beach 0
BOTTOM OF THE 11TH
Virginia Beach Deuces batting - Pitching for Helena Grizzlies : LHP Eugene Baker
Batting: RHB Javier Santos 0-0: Called Strike
0-1: Called Strike
0-2: Ball
1-2: Ground out 5-3 (Groundball, 5S)
Batting: RHB Lorenzo Ramírez 0-0: Called Strike
0-1: Ball
1-1: Ball
2-1: Ground out 5-3 (Groundball, 5)
Batting: SHB Mike Bell 0-0: Ball
1-0: Ball
2-0: Ball
3-0: Called Strike
3-1: DOUBLE (Line Drive, 89D)
Batting: SHB Daryl Lloyd 0-0: Called Strike
0-1: Ball
1-1: Ground out 5-3 (Groundball, 5)
Bottom of the 11th over - 0 run(s), 1 hit(s), 0 error(s), 1 left on base; Helena 2 - Virginia Beach 0
This league is powered by Out of the Park Baseball, the baseball management simulation game for PC, Mac and Linux
Saturday, July 25th, 2015 - OOTP Baseball 15.6 Build 34